 Dungeon Crawl Stone Soup version 0.20.1-1-g8b1a95d (webtiles) character file.

821 gobwax the Firebug (level 7, -13/41 HPs)
             Began as an Octopode Fire Elementalist on Aug 14, 2017.
             Killed from afar by gobwax's ghost (25 damage)
             ... with a flame tongue
             ... on level 5 of the Dungeon.
             The game lasted 00:15:28 (5025 turns).

gobwax the Firebug (Octopode Fire Elementalist)     Turns: 5025, Time: 00:15:29

Health: -13/41     AC:  1    Str:  8    XL:     7   Next: 95%
Magic:  2/14       EV: 13    Int: 19    God:
Gold:   265        SH:  0    Dex: 12    Spells: 3/16 levels left

rFire    . . .     SeeInvis .   h - +2 short sword (speed)
rCold    . . .     Gourm    .   (no shield)
rNeg     . . .     Faith    .   (helmet restricted)
rPois    .         Spirit   .   r - amulet of rage
rElec    .         Reflect  .   s - +2 ring of slaying
rCorr    .         Harm     .   (no ring)
MR       .....                  (no ring)
Stlth    +++.......             (no ring)
Regen    0.2/turn               (no ring)
MPRegen  0.2/turn               (no ring)
                                (no ring)
                                (no ring)

@: no status effects
A: almost no armour, stealthy swim, amphibious, 8 rings, constrict 8, camouflage
1, gelatinous body 1
a: Evoke Berserk Rage


You were on level 5 of the Dungeon.
You were not hungry.

You visited 1 branch of the dungeon, and saw 5 of its levels.
You also visited: Sewer.

You collected 265 gold pieces.

Inventory:

Hand Weapons
 h - a +2 short sword of speed (weapon)
 n - a +1 morningstar of protection
Jewellery
 r - an amulet of rage (around mantle)
 s - a +2 ring of slaying (left tentacle)
Wands
 t - a wand of confusion (11/48)
 u - a wand of digging (12/24)
Scrolls
 e - a scroll of amnesia
 f - a scroll of vulnerability {unknown}
 g - 2 scrolls of fog {unknown}
 l - 3 scrolls of remove curse {unknown}
 o - a scroll of enchant armour {unknown}
 q - 2 scrolls of identify {unknown}
Potions
 c - a potion of brilliance {unknown}
 d - 3 potions of heal wounds
 i - 9 potions of curing
 j - a potion of agility {unknown}
 m - 3 potions of flight {unknown}
Books
 a - a book of Flames

   Spells                             Type                      Level
   a - Flame Tongue                   Conjuration/Fire             1
   b - Throw Flame                    Conjuration/Fire             2
   c - Conjure Flame                  Conjuration/Fire             3
   d - Inner Flame                    Hexes/Fire                   3
   e - Sticky Flame                   Conjuration/Fire             4
   f - Fireball                       Conjuration/Fire             5
Comestibles
 b - 4 bread rations
 k - 5 fruits
 p - a meat ration


   Skills:
 - Level 2.0 Dodging
 - Level 2.6 Stealth
 + Level 5.1 Spellcasting
 + Level 4.0 Conjurations
 + Level 6.2 Fire Magic


You had 3 spell levels left.
You knew the following spells:

 Your Spells              Type           Power        Failure   Level  Hunger
a - Flame Tongue          Conj/Fire      ###..        1%          1    None
b - Throw Flame           Conj/Fire      ###...       2%          2    #......
c - Conjure Flame         Conj/Fire      ###.....     4%          3    ##.....
d - Sticky Flame          Conj/Fire      ###.....     14%         4    ####...
e - Inner Flame           Hex/Fire       ###.....     10%         3    ##.....


Dungeon Overview and Level Annotations

Branches:
Dungeon (5/15)
 Temple: D:4-7

Altars:
Fedhas
Kikubaaqudgha
Beogh

Shops:
D:4 (

Annotations:
D:4 2 transporters
D:5 gobwax's ghost, novice OpFE


Innate Abilities, Weirdness & Mutations

You cannot wear most types of armour.
You are very stealthy in the water. (Stealth+)
You are amphibious.
You can wear up to eight rings at the same time.
You can use your tentacles to constrict eight enemies at once.
Your skin changes colour to match your surroundings (Stealth+).
Your rubbery body absorbs attacks. (AC +1, EV +1)


Message History

b - 4 bread rations (gained 1)
Casting: Conjure Flame
Confirm with . or Enter, or press ? or * to list all spells.
Aiming: Flame Tongue
Press: ? - help, Shift-Dir - straight line, f - adder
Aim: an adder (hasn't noticed you)
The flame tongue hits the adder.
You kill the adder!
Casting: Flame Tongue
Confirm with . or Enter, or press ? or * to list all spells.
Aiming: Conjure Flame
Press: ? - help, Dir - move target cursor The fire ignites!
Casting: Conjure Flame
Confirm with . or Enter, or press ? or * to list all spells.
You don't have enough magic to cast that spell.
Gobwax's ghost stares at you and mumbles some strange words.
The flame tongue hits you!
Ouch! That really hurt!
You die...

# '## # ..# #. #.#
#.#####.# #...†...#
#.@....#
#.#.##§######.#
#.#.W.........#
#.#.....######
###.##.#..####
#............########
#.......##.##......
###.....##.##.#####
#..#####.##.# #


You could see gobwax's ghost.

Vanquished Creatures
  The ghost of gobwax the Poker, an amateur DsAK of Lugonu (D:4)
  An ice beast (D:5)
  A bullfrog (D:5)
  2 vampire bats (D:4)
  2 hounds
  2 orc priests (D:4)
  A worker ant (D:4)
  11 adders
  6 river rats
  A shadow imp (D:5)
  3 oozes
  2 adder skeletons (D:4)
  2 worms (D:4)
  2 dart slugs (D:1)
  2 leopard geckos
  10 orcs
  5 bat skeletons (D:4)
  2 bat zombies (D:4)
  5 giant cockroaches
  2 goblins
  7 hobgoblins
  5 jackals
  25 kobolds
  A quokka (D:4)
  4 ball pythons (Sewer)
  5 bats
  7 frilled lizards
  22 rats
139 creatures vanquished.

Notes
Turn   | Place    | Note
-------+----------+-------------------------------------------
     0 | D:1      | gobwax the Octopode Fire Elementalist began the quest for the Orb.
     0 | D:1      | Reached XP level 1. HP: 11/11 MP: 3/3
   112 | D:1      | Reached XP level 2. HP: 17/17 MP: 0/5
   381 | D:1      | Reached XP level 3. HP: 13/21 MP: 0/6
  1253 | D:2      | Reached skill level 4 in Fire Magic
  1409 | D:2      | Reached XP level 4. HP: 27/27 MP: 2/8
  1422 | D:2      | Found a blossoming altar of Fedhas.
  2349 | D:3      | Reached XP level 5. HP: 11/31 MP: 5/9
  2801 | D:4      | Learned a level 2 spell: Throw Flame
  2805 | D:4      | Learned a level 3 spell: Conjure Flame
  2855 | D:4      | Found a transporter.
  2934 | D:4      | Found a roughly hewn altar of Beogh.
  3046 | D:4      | Found Inaff's Antique Weapon Shop.
  3051 | D:4      | Reached XP level 6. HP: 16/36 MP: 3/11
  3097 | D:4      | Noticed gobwax's ghost (amateur DsAK)
  3209 | D:4      | Killed gobwax's ghost
  3209 | D:4      | Reached skill level 5 in Fire Magic
  3236 | D:4      | Found a glowing drain.
  3240 | Sewer    | Entered a sewer
  3314 | Sewer    | Reached XP level 7. HP: 34/41 MP: 6/13
  3569 | Sewer    | Learned a level 4 spell: Sticky Flame
  3573 | Sewer    | Learned a level 3 spell: Inner Flame
  4023 | D:4      | Found a transporter.
  4572 | D:4      | Found an ancient bone altar of Kikubaaqudgha.
  4764 | D:5      | Entered Level 5 of the Dungeon
  4789 | D:5      | Reached skill level 6 in Fire Magic
  4976 | D:5      | Reached skill level 5 in Spellcasting
  4996 | D:5      | Noticed gobwax's ghost (novice OpFE)
  5025 | D:5      | Killed from afar by gobwax's ghost

Skill      XL: |  1  2  3  4  5  6  7 |
---------------+----------------------+-----
Fire Magic     | 4 5 6 |  6.2
Spellcasting   | 3 4 5 |  5.1
Conjurations   | 2 3 4 |  4.0
Dodging        | |  2.0
Stealth        | |  2.6

Action                   |  1- 3 |  4- 6 |  7- 9 || total
-------------------------+-------+-------+-------++-------
Melee: Unarmed           |    24 |     4 |       ||    28
       Tentacles         |     7 |     2 |     8 ||    17
       Constrict         |     7 |    12 |    13 ||    32
       Short sword       |       |    38 |    43 ||    81
 Cast: Flame Tongue      |    49 |    54 |    47 ||   150
       Throw Flame       |       |     3 |     8 ||    11
       Conjure Flame     |       |     1 |     2 ||     3
       Inner Flame       |       |       |     2 ||     2
  Use: Scroll            |       |     4 |       ||     4
       Potion            |       |     2 |     1 ||     3
 Stab: Sleeping          |     2 |     2 |     5 ||     9
  Eat: Chunk             |     1 |     5 |     3 ||     9
       Fruit             |       |     1 |       ||     1
       Meat ration       |       |       |     1 ||     1
Armor: Skin              |     4 |     7 |     4 ||    15
Dodge: Dodged            |    50 |    56 |    38 ||   144
